 Dungeon Crawl Stone Soup version 0.28-a0-751-gef3a642a4e (webtiles) character file.

Game seed: 1882175265069013346

189512 jasper the Warrior (level 17, -16/165 HPs)
             Began as a Demonspawn Artificer on Oct 31, 2021.
             Was a High Priest of Okawaru.
             Killed from afar by a deep elf sorcerer (40 damage)
             ... with damnation
             ... on level 3 of the Elven Halls.
             The game lasted 01:19:09 (48891 turns).

jasper the Warrior (Demonspawn Artificer)          Turns: 48891, Time: 01:19:09

Health: -16/165    AC: 30    Str: 12 (13) XL:     17   Next: 95%
Magic:  0/23       EV: 22    Int:  7 (8)  God:    Okawaru [*****.]
Gold:   1533       SH:  5    Dex: 24      Spells: 16/16 levels left

rFire   + + +      SeeInvis .   j - +9 staff of Olgreb {rPois∞}
rCold   + . .      Faith    .   (no shield)
rNeg    + . .      Spirit   .   x - +5 pearl dragon scales of the Harvest {rN+ Will++}
rPois   ∞          Reflect  +   c - +2 helmet
rElec   +          Harm     .   S - scarf {rC+ rF+}
rCorr   +          Rampage  .   (gloves unavailable)
Will    +++++                   B - +1 pair of boots "Pemudale" {rF+ Will+++ Int-2 Stlth+}
Stlth   +.........              a - amulet of reflection
HPRegen 0.37/turn               Q - ring "Fumaak" {rPois rCorr Int+2 Dex+3 Stlth-}
MPRegen 0.18/turn               m - ring of Xom's Sleight of Hands {rElec rF+ EV+4 Int-4}

@: no status effects
A: rugged brown scales 3, foul stench 2, spiny 2, demonic touch 3, deterioration
1
a: Renounce Religion, Evoke the Staff of Olgreb, Heroism, Finesse, Duel


You were on level 3 of the Elven Halls.
You worshipped Okawaru.
Okawaru was extremely pleased with you.
You visited 5 branches of the dungeon, and saw 29 of its levels.
You also visited: Ice Cave.

You collected 4826 gold pieces.
You spent 3293 gold pieces at shops.

Inventory:

Hand Weapons
 j - the +9 staff of Olgreb (weapon) {rPois∞}
   (You acquired it on level 2 of the Dungeon)

   If the wielder is skilled in Evocations, they can envenom those struck by it,
   dealing poison damage which bypasses armour.
   It enhances your poison magic.
   It grants immunity to poison.
   It can be evoked to radiate toxic energy, with effectiveness depending on
   Evocations skill.
 w - a +4 demon trident of freezing
Missiles
 h - 947 stones (quivered)
 z - a curare-tipped dart
 M - 6 throwing nets
 Y - 3 datura-tipped darts
Armour
 c - a +2 helmet (worn)
 x - the +5 pearl dragon scales of the Harvest (worn) {rN+ Will++}
   (You found it on level 6 of the Lair of Beasts)

   rN:        It protects you from negative energy.
   Will:      It greatly increases your willpower.
 B - the +1 pair of boots "Pemudale" (worn) {rF+ Will+++ Int-2 Stlth+}
   (You bought it in a shop on level 2 of the Orcish Mines)

   Int:       It affects your intelligence (-2).
   rF:        It protects you from fire.
   Will:      It greatly increases your willpower.
   Stlth:     It makes you more stealthy.
 S - a scarf of resistance (worn)
Jewellery
 a - an amulet of reflection (around neck)
 m - the ring of Xom's Sleight of Hands (right hand) {rElec rF+ EV+4 Int-4}
   (You bought it in a shop on level 2 of the Orcish Mines)

   [ring of evasion]

   EV:        It affects your evasion (+4).
   Int:       It affects your intelligence (-4).
   rF:        It protects you from fire.
   rElec:     It insulates you from electricity.
 r - a +6 ring of dexterity
 E - an amulet of guardian spirit
 K - a ring of protection from cold
 N - a ring of wizardry
 O - a +4 ring of slaying
 Q - the ring "Fumaak" (left hand) {rPois rCorr Int+2 Dex+3 Stlth-}
   (You bought it in a shop on level 2 of the Orcish Mines)

   [ring of resist corrosion]

   Int:       It affects your intelligence (+2).
   Dex:       It affects your dexterity (+3).
   rPois:     It protects you from poison.
   rCorr:     It protects you from acid and corrosion.
   Stlth:     It makes you less stealthy.
 W - a ring of protection from cold
 X - a ring of poison resistance
Wands
 d - a wand of charming (14)
 i - a wand of mindburst (18)
 p - a wand of paralysis (9)
 s - a wand of iceblast (16)
 v - a wand of digging (14)
 F - a wand of flame (61)
Scrolls
 b - 5 scrolls of silence
 k - 3 scrolls of fog
 l - 9 scrolls of teleportation
 y - 8 scrolls of immolation
 A - 12 scrolls of identify
 H - 3 scrolls of vulnerability
 I - 2 scrolls of enchant armour
 J - a scroll of amnesia
 L - 5 scrolls of magic mapping
 R - 2 scrolls of fear
 Z - a scroll of brand weapon
Potions
 f - 7 potions of curing
 g - 3 potions of might
 o - 8 potions of ambrosia
 q - a potion of mutation
 t - 5 potions of flight
 u - 7 potions of brilliance
 C - 3 potions of degeneration
 D - a potion of invisibility
 G - 4 potions of lignification
 T - 3 potions of haste
 U - a potion of cancellation
 V - a potion of attraction
Miscellaneous
 e - a piece from Xom's chessboard (15/15)
 n - a condenser vane (inert)


   Skills:
 - Level 20.0 Fighting
 - Level 6.7 Polearms
 - Level 14.1 Armour
 - Level 15.0 Dodging
 - Level 0.8 Stealth
 * Level 10.6 Unarmed Combat
 - Level 9.1 Invocations
 - Level 3.0 Evocations


You had 16 spell levels left.
You didn't know any spells.
Your spell library contained the following spells:

 Spells                   Type           Power      Damage    Failure   Level
 Apportation              Tloc           0%         N/A       88%         1
 Magic Dart               Conj           0%         1d3       88%         1
 Shock                    Conj/Air       0%         1d3       88%         1
 Sublimation of Blood     Necr           0%         N/A       96%         2
 Wereblood                Tmut           0%         N/A       96%         2
 Conjure Flame            Conj/Fire      0%         6-21      99%         3
 Ignite Poison            Fire/Tmut/Pois 0%         N/A       99%         3
 Inner Flame              Hex/Fire       0%         N/A       99%         3
 Mephitic Cloud           Conj/Pois/Air  0%         N/A       99%         3
 Portal Projectile        Hex/Tloc       0%         N/A       99%         3
 Stone Arrow              Conj/Erth      0%         3d7       99%         3
 Swiftness                Air            0%         N/A       99%         3
 Airstrike                Air            0%         N/A       100%        4
 Cause Fear               Hex            0%         N/A       100%        4
 Petrify                  Tmut/Erth      0%         N/A       100%        4
 Sticky Flame             Conj/Fire      0%         2d3       100%        4
 Alistair's Intoxication  Tmut/Pois      0%         N/A       100%        5
 Blade Hands              Tmut           0%         N/A       100%        5
 Borgnjor's Vile Clutch   Necr/Erth      0%         N/A       100%        5
 Excruciating Wounds      Necr           0%         N/A       100%        5
 Fireball                 Conj/Fire      0%         3d3       100%        5
 Iskenderun's Battlesphe  Conj           0%         2d6       100%        5
 Metabolic Englaciation   Hex/Ice        0%         N/A       100%        5
 Eringya's Noxious Bog    Tmut/Pois      0%         N/A       100%        6
 Iron Shot                Conj/Erth      0%         9d1       100%        6
 Starburst                Conj/Fire      0%         6d3       100%        6
 Statue Form              Tmut/Erth      0%         N/A       100%        6
 Discord                  Hex            0%         N/A       100%        8
 Ignition                 Fire           0%         3d3       100%        8
 Lehudib's Crystal Spear  Conj/Erth      0%         10d2      100%        8
 Animate Skeleton         Necr           Unusable   N/A       N/A         1
 Summon Small Mammal      Summ           Unusable   N/A       N/A         1
 Call Imp                 Summ           Unusable   N/A       N/A         2
 Animate Armour           Summ/Erth      Unusable   N/A       N/A         4
 Malign Gateway           Summ/Tloc      Unusable   N/A       N/A         7
 Spellforged Servitor     Conj/Summ      Unusable   N/A       N/A         7
 Summon Hydra             Summ           Unusable   N/A       N/A         7
 Summon Horrible Things   Summ           Unusable   N/A       N/A         8

Dungeon Overview and Level Annotations

Branches:
Dungeon (15/15)            Temple (0/1) D:5            Lair (6/6) D:10
 Shoals (3/4) Lair:4        Snake (0/4) Lair:4        Slime (0/5) Lair:6
    Orc (2/2) D:12            Elf (3/3) Orc:2        Vaults (0/5) D:13
  IceCv (visited)
 Depths: D:15

Altars:
Cheibriados
Dithmenos
Elyvilon
Fedhas
Gozag
Hepliaklqana
Kikubaaqudgha
Okawaru
Ru
Trog
Vehumet
Wu Jian
Zin
The Shining One
Beogh
Jiyva
Lugonu

Shops:
D:1 (   D:8 :   D:11 [   Orc:2 [=*(:   Elf:1 (=   Shoals:1 *

Portals:
Abyss: Lair:6

Annotations:
D:14 Roxanne
Lair:2 exclusion: oklob plant
Elf:2 5 runed translucent doors
Elf:3 1 exclusion


Innate Abilities, Weirdness & Mutations

You are completely covered in rugged brown scales. (AC +3, +7% HP)
You sometimes emit foul miasma when damaged in melee.
You are mostly covered in sharp spines.
Your touch may irresistibly damage your foes and sap their willpower.
Your body sometimes deteriorates upon taking damage.


Message History

The soul eater disappears in a puff of smoke!
The ice devil disappears in a puff of smoke!
You now have 1533 gold pieces (gained 87).
Items here: ) ? [ †.
Your +4 demon trident of freezing stops glowing.
You smell chlorine.
j - the +9 staff of Olgreb (weapon)
{rPois∞} You begin to radiate toxic energy.
The deep elf sorcerer is poisoned.
The deep elf zephyrmancer is poisoned.
The deep elf sorcerer looks even sicker.
The deep elf zephyrmancer looks even sicker.
The deep elf sorcerer casts a spell at you.
The sphere of damnation explodes!
The damnation engulfs you!!
* * * LOW HITPOINT WARNING * * *
The deep elf zephyrmancer looks even sicker.
Your toxic aura wanes.
The deep elf zephyrmancer gestures wildly while chanting.
The deep elf zephyrmancer blinks!
You take 21 damage, and have 17/165 hp.
You now have 5/23 mp.
You begin to radiate toxic energy.
The deep elf sorcerer looks even sicker. x2
You now have 3/23 mp.
As you read the scroll of fog, it crumbles to dust.
The scroll dissolves into smoke.
The deep elf sorcerer looks as sick as possible!
Your toxic aura wanes.
You feel like a meek peon again.
Things that are here:
a +0 dagger; an elf skeleton
Okay, then.
You begin to radiate toxic energy.
The deep elf sorcerer looks as sick as possible!
You now have 0/23 mp.
Your toxic aura wanes.
The deep elf sorcerer gestures wildly while chanting.
The deep elf sorcerer seems to speed up.
Your hands slow down.
The deep elf sorcerer gestures at you while chanting.
The sphere of damnation explodes!
The damnation engulfs you!!!
You die...

###
#.#####.#.####.§#..###.##
#.......#.# ##.§§§..#...#
#########.###§§§§§.......
#.##.#§§§§.e.#...
###########.#.##§§####.#...
#........##..###§§# #####.
#.###....[#.#..§§§### #..
#.##......)..e.§§...# #.. #
#.##......@#.....#### #.. #
#......)[..####### ##. #
####...<).[# **#. #
#.#....## **,## # #.#...##
**,,,* # #.##### **,,,,, #
#.# **,,,*,, ## #.# ###
*,,,***. .## #.# ##.#
**,,,*..


You could see a deep elf sorcerer (fast, extremely poisoned).

Vanquished Creatures
  Rupert (D:14)
  Mlioglotl (Shoals:1)
  Jorgrun (D:14)
  A deep elf blademaster (Elf:3)
  A deep elf master archer (Elf:3)
  Frances (Elf:1)
  Kirke (D:14)
  Donald (Shoals:3)
  4 deep elf sorcerers
  Louise (D:14)
  An orc warlord (Orc:2)
  6 deep elf elementalists
  4 deep elf demonologists (Elf:3)
  3 deep elf annihilators (Elf:3)
  Nessos (Lair:6)
  A merfolk javelineer (Shoals:3)
  Snorg (Lair:5)
  2 merfolk impalers (Shoals:1)
  A deep elf death mage (Elf:3)
  A yaktaur captain (D:13)
  A boulder beetle (D:13)
  3 deep elf high priests (Elf:3)
  14 hydras
  2 catoblepae
  3 centaur warriors
  A merfolk avatar (Shoals:1)
  3 alligator snapping turtles
  A two-headed ogre (D:12)
  2 merfolk aquamancers
  12 dancing weapons
  An alligator (Shoals:2)
  2 death yaks (Lair:2)
  2 tengu warriors (D:13)
  3 thrashing horrors (Lair:6)
  An orc high priest (Orc:2)
  5 deep elf knights
  A fire crab (Lair:4)
  3 large abominations (Lair:6)
  5 sea snakes
  13 deep elf archers
  A bog body (IceCv)
  A lindwurm (shapeshifter) (Lair:6)
  2 wizards
  A lindwurm (Lair:6)
  3 orc knights
  31 harpies
  A necromancer (IceCv)
  5 orc sorcerers (Orc:2)
  An orb spider (shapeshifter) (D:14)
  11 fauns (Shoals:2)
  21 deep elf pyromancers
  A tengu skeleton (D:15)
  18 ugly things
  21 deep elf zephyrmancers
  An oklob plant (Lair:4)
  13 manticores
  A cyclops (shapeshifter) (D:15)
  3 cyclopes (Shoals:2)
  A black mamba (shapeshifter) (Lair:6)
  2 ice statues (IceCv)
  5 merfolk sirens
  Maurice (D:9)
  6 water nymphs
  17 cane toads
  7 black mambas
  A smoke demon (Lair:6)
  3 gargoyles
  2 torpor snails
  A freezing wraith (IceCv)
  13 komodo dragons
  13 rime drakes
  A kobold demonologist (D:11)
  5 ice devils (IceCv)
  4 anaconda simulacra (IceCv)
  A queen bee (Lair:5)
  2 entropy weaver simulacra (IceCv)
  An ancient zyme (Lair:6)
  3 meliai (Lair:5)
  4 trolls
  A polar bear (shapeshifter) (Elf:3)
  3 wind drakes
  2 hornets
  6 polar bears
  18 merfolk
  18 dream sheep
  11 snapping turtles
  11 blink frogs
  2 air elementals
  2 spriggans (Lair:6)
  11 water elementals
  14 wyverns
  A ynoxinul (Lair:6)
  4 wraiths
  2 dire elephant simulacra (IceCv)
  55 yaks
  Sigmund (D:5)
  3 steam dragons
  10 basilisks
  3 hogs (D:14)
  4 fire elementals
  3 vampire mosquitoes (D:13)
  2 chaos spawn (Lair:6)
  3 nagas (Lair:4)
  2 harpy simulacra (IceCv)
  2 wargs
  26 water moccasins
  A hell hound (Lair:5)
  5 sky beasts
  28 orc warriors
  2 ice beasts
  10 black bears
  A necrophage (D:5)
  6 ogres
  11 centaurs
  8 wolves
  A phantom (D:4)
  A kobold brigand (D:6)
  2 gnoll sergeants
  21 bullfrogs
  6 scorpions
  6 earth elementals
  An elephant simulacrum (IceCv)
  28 killer bees
  4 wights (D:7)
  3 vampire bats (Lair:2)
  6 howler monkeys
  5 centaur zombies
  A quasit (D:5)
  22 orc priests
  A gnoll shaman (D:6)
  6 iguanas
  2 centaur skeletons
  34 orc wizards
  6 hell rats (Lair:5)
  13 small abominations (Lair:6)
  A hound skeleton (D:5)
  A mummy (D:7)
  Robin (D:2)
  14 gnolls
  2 howler monkey zombies
  8 adders
  A naga simulacrum (IceCv)
  A shadow imp (D:5)
  3 white imps
  2 ufetubi
  An adder skeleton (D:4)
  2 worms
  3 dart slugs
  97 orcs
  5 endoplasms
  A giant cockroach (shapeshifter) (D:14)
  2 giant cockroaches
  14 goblins
  12 hobgoblins
  4 jackals
  6 quokkas
  11 ball pythons
  12 bats
  A frilled lizard (D:2)
  2 goblin skeletons (D:5)
  A goblin zombie (D:5)
  4 hobgoblin zombies (D:5)
  16 kobolds
  A kobold zombie (D:5)
  An orc skeleton (D:5)
  7 rats
  A butterfly (Lair:3)
1040 creatures vanquished.

Vanquished Creatures (collateral kills)
  An endoplasm (D:2)
  A goblin (D:2)
  2 hobgoblins (D:2)
4 creatures vanquished.

Vanquished Creatures (others)
  A merfolk aquamancer (Shoals:3)
  2 deep elf knights
  A deep elf pyromancer (Elf:2)
  2 yaktaurs (D:13)
  An air elemental (Elf:3)
  A water elemental (Elf:3)
  63 fungi
  77 plants
  7 withered plants (D:15)
155 creatures vanquished.

Grand Total: 1199 creatures vanquished

Notes
Turn   | Place    | Note
-------+----------+-------------------------------------------
     0 | D:1      | jasper the Demonspawn Artificer began the quest for the
                  | Orb.
     0 | D:1      | Reached XP level 1. HP: 15/15 MP: 1/1
    71 | D:1      | You fall into a shaft and drop 1 floor!
   154 | D:2      | Reached skill level 2 in Fighting
   157 | D:2      | Gained mutation: Your touch may inflict minor irresistible
                  | damage on your foes. [demonic ancestry]
   157 | D:2      | Reached XP level 2. HP: 22/22 MP: 2/2
   167 | D:2      | Noticed Robin
   171 | D:2      | Killed Robin
   185 | D:2      | Reached skill level 3 in Fighting
   187 | D:2      | Gained mutation: You are partially covered in rugged brown
                  | scales. (AC +1, +3% HP) [demonic ancestry]
   187 | D:2      | Reached XP level 3. HP: 18/29 MP: 3/3
   443 | D:1      | Found Kaogotemm's Antique Weapon Emporium.
   997 | D:1      | Found a faded altar of an unknown god.
  1094 | D:2      | Reached skill level 4 in Fighting
  1094 | D:2      | Reached XP level 4. HP: 35/38 MP: 4/4
  1777 | D:2      | Identified a scroll of acquirement
  1777 | D:2      | Acquired the +9 staff of Olgreb {rPois∞}
  1777 | D:2      | Found the +9 staff of Olgreb {rPois∞}
  2024 | D:3      | Gained mutation: You are partially covered in sharp spines.
                  | [demonic ancestry]
  2024 | D:3      | Reached XP level 5. HP: 27/44 MP: 1/5
  2053 | D:3      | Reached skill level 5 in Fighting
  3392 | D:4      | Noticed a black bear
  3400 | D:4      | Killed a black bear
  3401 | D:4      | Reached skill level 6 in Fighting
  3401 | D:4      | Gained mutation: You may rarely emit foul miasma when
                  | damaged in melee. [demonic ancestry]
  3401 | D:4      | Reached XP level 6. HP: 47/53 MP: 1/6
  3699 | D:4      | Found a hazy altar of Hepliaklqana.
  4391 | D:4      | Reached skill level 7 in Fighting
  4491 | D:4      | Gained mutation: You are mostly covered in rugged brown
                  | scales. (AC +2, +5% HP) [demonic ancestry]
  4491 | D:4      | Reached XP level 7. HP: 56/63 MP: 2/7
  4575 | D:4      | Found an ornate altar of the Wu Jian Council.
  4682 | D:5      | Entered Level 5 of the Dungeon
  4791 | D:5      | Found an iron altar of Okawaru.
  4838 | D:5      | Became a worshipper of Warmaster Okawaru
  4910 | D:5      | Reached skill level 8 in Fighting
  5182 | D:5      | Found a staircase to the Ecumenical Temple.
  5210 | D:5      | Reached skill level 9 in Fighting
  5288 | D:5      | Noticed Sigmund
  5354 | D:5      | Killed Sigmund
  5354 | D:5      | Reached * piety under Okawaru
  5355 | D:5      | Reached XP level 8. HP: 56/75 MP: 1/8
  6185 | D:6      | Reached skill level 10 in Fighting
  6185 | D:6      | Reached skill level 1 in Invocations
  7301 | D:6      | Reached skill level 5 in Invocations
  7381 | D:6      | Reached ** piety under Okawaru
  7445 | D:6      | Reached XP level 9. HP: 79/82 MP: 8/13
  7447 | D:6      | Reached skill level 11 in Fighting
  7807 | D:6      | Found a shadowy altar of Dithmenos.
  7868 | D:6      | Found a sacrificial altar of Ru.
  8119 | D:7      | Reached *** piety under Okawaru
  8934 | D:7      | Reached skill level 12 in Fighting
  9089 | D:7      | Identified the +1 robe of Osus {Int+4}
  9214 | D:7      | Found a snail-covered altar of Cheibriados.
  9488 | D:8      | Reached skill level 1 in Dodging
  9560 | D:8      | Found a bloodstained altar of Trog.
  9721 | D:8      | Found Sewoit's Book Shoppe.
  9777 | D:8      | Found an ancient bone altar of Kikubaaqudgha.
 10238 | D:8      | Gained mutation: You are mostly covered in sharp spines.
                  | [demonic ancestry]
 10238 | D:8      | Reached XP level 10. HP: 81/94 MP: 5/16
 10659 | D:9      | Reached **** piety under Okawaru
 11442 | D:9      | Noticed Maurice
 11478 | D:9      | Killed Maurice
 11479 | D:9      | Reached skill level 13 in Fighting
 11852 | D:10     | Entered Level 10 of the Dungeon
 12123 | D:10     | Found an opulent altar of Gozag.
 12141 | D:10     | Found a staircase to the Lair.
 12161 | D:10     | Reached skill level 5 in Dodging
 12210 | D:10     | Noticed a gargoyle
 12241 | D:10     | Killed a gargoyle
 12484 | D:10     | Found a radiant altar of Vehumet.
 12655 | D:10     | Reached ***** piety under Okawaru
 13131 | D:11     | Found Yhiamnie's Antique Armour Emporium.
 13143 | D:11     | Bought a runed troll leather armour for 450 gold pieces
 13174 | D:11     | Noticed a six-headed hydra
 13205 | D:11     | Killed a six-headed hydra
 13206 | D:11     | Reached XP level 11. HP: 98/103 MP: 13/17
 13517 | D:11     | Reached skill level 14 in Fighting
 13589 | D:11     | Received a gift from Okawaru
 14095 | D:12     | Noticed a brown ugly thing
 14179 | D:12     | Killed a brown ugly thing
 14480 | D:12     | Noticed a two-headed ogre
 14518 | D:12     | Killed a two-headed ogre
 14855 | D:12     | Found a staircase to the Orcish Mines.
 15070 | Lair:1   | Entered Level 1 of the Lair of Beasts
 15080 | Lair:1   | Received a gift from Okawaru
 15089 | Lair:1   | Reached skill level 15 in Fighting
 15396 | Lair:1   | Noticed an eight-headed hydra
 15409 | Lair:1   | Killed an eight-headed hydra
 15663 | Lair:1   | Gained mutation: You are completely covered in rugged brown
                  | scales. (AC +3, +7% HP) [demonic ancestry]
 15663 | Lair:1   | Reached XP level 12. HP: 107/117 MP: 1/18
 16766 | Lair:2   | Noticed a death yak
 16766 | Lair:2   | Noticed a death yak
 16790 | Lair:2   | Killed a death yak
 16794 | Lair:2   | Killed a death yak
 17030 | Lair:2   | Found a blossoming altar of Fedhas.
 17143 | Lair:2   | Reached skill level 10 in Dodging
 17462 | Lair:3   | Reached skill level 16 in Fighting
 17494 | Lair:3   | Found a frozen archway.
 17513 | IceCv    | Entered an ice cave
 17759 | IceCv    | Received a gift from Okawaru
 18286 | Lair:3   | Noticed a four-headed hydra
 18299 | Lair:3   | Killed a four-headed hydra
 18364 | Lair:3   | Reached XP level 13. HP: 127/127 MP: 7/19
 18460 | Lair:3   | Found a bloodstained altar of Trog.
 18543 | Lair:3   | Reached skill level 17 in Fighting
 19747 | Lair:4   | You fall into a shaft and drop 2 floors!
 19747 | Lair:6   | Entered Level 6 of the Lair of Beasts
 19754 | Lair:6   | Received a gift from Okawaru
 19857 | Lair:5   | Received a gift from Okawaru
 20569 | Lair:5   | Reached skill level 18 in Fighting
 21838 | Lair:6   | Gained mutation: You sometimes emit foul miasma when
                  | damaged in melee. [demonic ancestry]
 21838 | Lair:6   | Reached XP level 14. HP: 95/140 MP: 1/20
 21970 | Lair:6   | Noticed Nessos
 21985 | Lair:6   | Killed Nessos
 21990 | Lair:6   | Found a viscous altar of Jiyva.
 21990 | Lair:6   | Found a staircase to the Slime Pits.
 22015 | Lair:6   | Received a gift from Okawaru
 22046 | Lair:6   | Identified the +0 robe of the Guilds {rPois MP+9 Dex-2
                  | Stlth+} (Okawaru gifted it to you on level 6 of the Lair of
                  | Beasts)
 22046 | Lair:6   | Received a gift from Okawaru
 22281 | Lair:6   | Noticed Snorg
 22314 | Lair:5   | Killed Snorg
 22867 | Lair:6   | Reached skill level 19 in Fighting
 23080 | Lair:6   | Reached ****** piety under Okawaru
 23083 | Lair:6   | Identified the +5 pearl dragon scales of the Harvest {rN+
                  | Will++}
 23693 | Lair:6   | Found a corrupted altar of Lugonu.
 23693 | Lair:6   | Found a one-way gate to the infinite horrors of the Abyss.
 24318 | Orc:1    | Entered Level 1 of the Orcish Mines
 25023 | Orc:2    | Entered Level 2 of the Orcish Mines
 25023 | Orc:2    | Found Coit Sig's Book Boutique.
 25183 | Orc:2    | Found a staircase to the Elven Halls.
 25509 | Orc:2    | Noticed an orc warlord
 25559 | Orc:2    | Killed an orc warlord
 25559 | Orc:2    | Identified the +7 arbalest "Udympoab" {penet, rN++ Int-2
                  | Dex+5} (Okawaru gifted it to you on level 2 of the Orcish
                  | Mines)
 25559 | Orc:2    | Received a gift from Okawaru
 25585 | Orc:2    | Reached skill level 15 in Dodging
 26130 | Orc:2    | Reached skill level 20 in Fighting
 26130 | Orc:2    | Gained mutation: Your touch may inflict irresistible damage
                  | on your foes. [demonic ancestry]
 26130 | Orc:2    | Reached XP level 15. HP: 117/150 MP: 10/21
 26265 | Orc:2    | Found Miohymm's General Store.
 26276 | Orc:2    | Bought a potion of curing for 48 gold pieces
 26325 | Orc:2    | Found Ixierhep's Antique Weapon Emporium.
 26421 | Orc:2    | Found Deisipoa's Jewellery Emporium.
 26428 | Orc:2    | Bought the ring of Xom's Sleight of Hands {rElec rF+ EV+4
                  | Int-4} for 631 gold pieces
 26428 | Orc:2    | Bought the ring "Fumaak" {rPois rCorr Int+2 Dex+3 Stlth-}
                  | for 523 gold pieces
 26848 | Orc:2    | Found Veostaq's Antique Armour Emporium.
 26854 | Orc:2    | Bought a pair of scorched boots for 323 gold pieces
 26854 | Orc:2    | Identified the +1 pair of boots "Pemudale" {rF+ Will+++
                  | Int-2 Stlth+} (You bought it in a shop on level 2 of the
                  | Orcish Mines)
 27237 | D:13     | Found a gate to the Vaults.
 28532 | D:14     | Noticed Kirke
 28550 | D:14     | Killed Kirke
 28550 | D:14     | Received a gift from Okawaru
 28551 | D:14     | Reached skill level 5 in Armour
 28715 | D:14     | Noticed Jorgrun
 29334 | D:14     | Killed Jorgrun
 29527 | D:14     | Identified the +3 ring mail "Deskur" {rN+++ Str-5 Int+7
                  | Slay-6} (Okawaru gifted it to you on level 14 of the
                  | Dungeon)
 29527 | D:14     | Received a gift from Okawaru
 29749 | D:14     | Noticed Roxanne
 30099 | D:14     | Noticed Louise
 30160 | D:14     | Killed Louise
 30293 | D:14     | Noticed Rupert
 30314 | D:14     | Killed Rupert
 30318 | D:14     | Acquired 1333 gold pieces
 30570 | D:15     | Entered Level 15 of the Dungeon
 31338 | Lair:4   | Found a staircase to the Snake Pit.
 32204 | Lair:4   | Found a staircase to the Shoals.
 32401 | Lair:4   | Reached skill level 10 in Armour
 32659 | Shoals:1 | Entered Level 1 of the Shoals
 33165 | Shoals:1 | Received a gift from Okawaru
 33452 | Shoals:1 | Reached XP level 16. HP: 131/158 MP: 9/22
 34093 | Shoals:1 | Received a gift from Okawaru
 34692 | Shoals:1 | Found Muteo's General Store.
 34707 | Shoals:1 | Bought a wand of digging (5) for 288 gold pieces
 35502 | Shoals:2 | Noticed Mlioglotl
 35532 | Shoals:1 | Killed Mlioglotl
 36413 | Shoals:2 | Received a gift from Okawaru
 37599 | Shoals:2 | Reached skill level 1 in Polearms
 37884 | Shoals:3 | Noticed Donald
 38617 | Shoals:3 | Killed Donald
 38617 | Shoals:3 | Received a gift from Okawaru
 38833 | Shoals:3 | Reached skill level 5 in Polearms
 40060 | Elf:1    | Entered Level 1 of the Elven Halls
 40426 | Elf:1    | Found Tililodi's Antique Weapon Shoppe.
 40432 | Elf:1    | Noticed Frances
 40439 | Elf:1    | Gained mutation: Your touch may irresistibly damage your
                  | foes and sap their willpower. [demonic ancestry]
 40439 | Elf:1    | Reached XP level 17. HP: 165/165 MP: 15/23
 40457 | Elf:1    | Killed Frances
 40458 | Elf:1    | Reached skill level 1 in Unarmed Combat
 40458 | Elf:1    | Found Gokhem's Jewellery Emporium.
 41804 | Elf:2    | Reached skill level 5 in Unarmed Combat
 41920 | Elf:2    | Received a gift from Okawaru
 42627 | Elf:2    | Found a huge runed translucent gate.
 42627 | Elf:2    | Found a huge runed translucent gate.
 42627 | Elf:2    | Found a huge runed translucent gate.
 42804 | Elf:2    | Paralysed by an air elemental for 1 turns
 42967 | Elf:2    | Found a huge runed translucent gate.
 42967 | Elf:2    | Found a huge runed translucent gate.
 42996 | Elf:3    | Entered Level 3 of the Elven Halls
 43396 | Elf:3    | Paralysed by an air elemental for 1 turns
 45271 | Elf:3    | Noticed a deep elf blademaster
 45964 | Elf:3    | Killed a deep elf blademaster
 46482 | Orc:2    | Bought an amulet of reflection for 390 gold pieces
 46515 | Orc:2    | Bought a condenser vane for 640 gold pieces
 46943 | Elf:3    | Noticed an Ice Fiend
 47331 | Elf:3    | Identified the +4 battleaxe of the Ship {spect, Str+4}
 47545 | Elf:3    | Gained mutation: Your body sometimes deteriorates upon
                  | taking damage. [a neqoxec]
 47609 | Elf:3    | Reached skill level 10 in Unarmed Combat
 47849 | Elf:3    | Identified the +3 ring mail of the Sacrificial Victim
                  | {rPois rC- Int+5 SInv}
 47849 | Elf:3    | Noticed a deep elf master archer
 48439 | Elf:3    | Killed a deep elf master archer
 48439 | Elf:3    | Received a gift from Okawaru
 48846 | Elf:3    | Noticed a Hell Sentinel
 48891 | Elf:3    | Killed from afar by a deep elf sorcerer

Illustrated notes

Levels and vault maps discovered:
D:1:      saegor_arrival_simple_a, layout_basic,
          shapermc_ecumenical_altar_hornbeckon, serial_shops,
          nicolae_shop_crystal
D:2:      layout_loops_ring, uniq_robin
D:3:      layout_basic, nrook_mini_backslash, hangedman_decor_clover_reticule
D:4:      layout_loops_corners, nicolae_wu_jian_immortal_techniques,
          lemuel_round_altar
D:5:      layout_loops_corners, nicolae_tso_besieged_by_evil,
          okawaru_metal_pillars_3, minmay_temple_entry_trees,
          grunt_decor_resistance, chequers_serial_rivers_room_b, uniq_sigmund
D:6:      layout_basic, nicolae_ru_sacrificial_ziggurat,
          mainiacjoe_overflow_surrounded_room, corexii_hall_statues_deadend,
          minmay_alternating_orb, uniq_maggie
D:7:      layout_basic, slow_altar_2
D:8:      layout_loops_cross, pf_just_have_faith,
          nicolae_overflow_crystal_walls, serial_shops, shop_coins,
          minmay_orc_keep
D:9:      layout_gridville, mainiacjoe_overflow_alcove_4, uniq_maurice
D:10:     layout_loops_corners, lemuel_tele_altar, mainiacjoe_overflow_24_doors,
          nicolae_gozag_cash_rules_everything_around_me,
          due_lair_maze_entry_diamond
D:11:     layout_rooms, serial_shops, shop_coins
D:12:     layout_loops_ring, hiddenorc1_lemuel
D:13:     layout_irregular_city, david_vaults_2, minmay_unpleasant_kobolds
D:14:     layout_cave_pods, kennysheep_doodads, uniq_roxanne, uniq_kirke,
          uniq_louise, uniq_jorgrun, uniq_rupert
D:15:     gammafunk_depths_entry_grave, layout_long_grid, serial_shops, shop,
          nicolae_shop_trees, shop_fountains, nicolae_square_shop, shop,
          serial_glass, glass_columns_a, glass_columns_b, elyvilon_altar_3
Lair:1:   layout_cave_pods, st_stairs_8, beast_lair_carwin_6, grunt_megastairs_3
Lair:2:   layout_hall_layers, hangedman_tree_tricks, roderic_batcave
Lair:3:   layout_big_grid, basic_altar, portal_ice_cave_rime,
          infiniplex_staircase_pool, grunt_megastairs_2, lemuel_fruit_fields
Lair:4:   nzn_winding_woodlands_stair_cross
          [nzn_winding_woodlands_5x15_sidewinder,
          nzn_winding_woodlands_center_diamonds,
          nzn_winding_woodlands_5x15_concentric,
          nzn_winding_woodlands_5x5_closed_star,
          nzn_winding_woodlands_5x5_open_star, nzn_winding_woodlands_5x15_twine,
          nzn_winding_woodlands_center_lodge, nzn_winding_woodlands_5x15_cabin],
          layout_cave_pods, minmay_shoals_entry_lonely_mermaid,
          minmay_snake_entry_guardpost_small
Lair:5:   layout_roguey [special_room_bee], special_room
          [special_room_mythical_zoo]
Lair:6:   hellmonk_lair_end_abyssal_woods, layout_cave_pods,
          dpeg_slime_entry_enclosed_altar, uniq_nessos, uniq_snorg
Shoals:1: layout_shoals, serial_shops, nicolae_shop_window_shopping
Shoals:2: layout_shoals, nicolae_shoals_goliath_grotto, uniq_mlioglotl
Shoals:3: layout_shoals, uniq_donald
Orc:1:    layout_caves, guppyfry_library_mini
Orc:2:    grunt_orc_cross, layout_caves, serial_shops, shop
Elf:1:    minmay_elf_arrival_plus, layout_geoelf_octagon, minmay_elf_sorcery,
          minmay_shoptagon, uniq_frances
Elf:2:    elven_hall_of_blades_hangedman_alternative [mumra_blade_entry_dagger],
          layout_geoelf_grid, roderic_lattice_octagonal_star
Elf:3:    minmay_elf_hall_x, layout_loops_corners, minivault_25_ag

Skill      XL: |  1  2  3  4  5  6  7  8  9 10 11 12 13 14 15 16 17 |
---------------+----------------------------------------------------+-----
Fighting       | 2 3 4 6 7 9 10 12 13 15 16 18 20 | 20.0
Invocations    | 5 9 |  9.1
Dodging        | 2 6 9 11 13 15 | 15.0
Armour         | 11 13 14 | 14.1
Polearms       | 6 |  6.7
Unarmed Combat | 10 | 10.6
Stealth        | |  0.8
Evocations     | |  3.0

Action                   |  1- 3 |  4- 6 |  7- 9 | 10-12 | 13-15 | 16-18 || total
-------------------------+-------+-------+-------+-------+-------+-------++-------
Melee: Club              |    49 |       |       |       |       |       ||    49
       Touch             |     9 |    12 |    25 |   102 |   223 |   188 ||   559
       Dagger            |    22 |    44 |       |       |       |       ||    66
       Staff             |       |    23 |    60 |   133 |   554 |   399 ||  1169
       Trident           |       |     3 |    55 |   266 |   228 |       ||   552
       Punch             |       |       |       |     7 |     1 |    20 ||    28
       Demon trident     |       |       |       |       |     8 |   395 ||   403
Throw: Stone             |    25 |     3 |       |    11 |    10 |     2 ||    51
Invok: Heroism           |       |       |     3 |     8 |    11 |    11 ||    33
       Finesse           |       |       |       |     5 |     2 |     6 ||    13
 Abil: Evoke the Staff o |       |    28 |    57 |   107 |   265 |   223 ||   680
Evoke: Wand              |    16 |     3 |       |     3 |    16 |     8 ||    46
       Condenser vane    |       |       |       |       |       |     1 ||     1
  Use: Scroll            |     3 |     3 |     9 |     6 |    11 |    12 ||    44
       Potion            |       |       |       |     1 |     6 |     4 ||    11
 Stab: Sleeping          |     1 |       |       |     5 |     2 |       ||     8
       Invisible         |       |       |       |       |     1 |       ||     1
       Confused          |       |       |       |       |       |     2 ||     2
Armor: Leather armour    |    33 |    16 |       |       |       |       ||    49
       Ring mail         |       |    10 |    83 |    27 |       |       ||   120
       Troll leather arm |       |       |       |   185 |   163 |       ||   348
       Pearl dragon scal |       |       |       |       |   376 |   488 ||   864
Dodge: Dodged            |    40 |    36 |    71 |   408 |  1350 |  1201 ||  3106
Block: Other             |       |       |       |       |       |    19 ||    19
       Reflection        |       |       |       |       |       |     5 ||     5

Table legend: (Time is in decaauts)
 A = Elapsed time spent in this place.
 B = Non-inter-level travel time spent in this place.
 C = Inter-level travel time spent in this place.
 D = Time resting spent in this place.
 E = Time spent auto-exploring this place.
 F = Levels seen in this place.
 G = Mean time per level.
                   A        B        C        D        E       F      G
               +--------+--------+--------+--------+--------+-----+--------+
         Total |  49326 |  46908 |   2418 |   9870 |  28221 |  30 | 1644.2 |
       Dungeon |  19632 |  18589 |   1043 |   2164 |  13279 |  15 | 1308.8 |
          Lair |  10180 |   9717 |    463 |    534 |   7124 |   6 | 1696.7 |
        Shoals |   7480 |   7117 |    363 |   2887 |   2830 |   3 | 2493.3 |
  Orcish Mines |   2952 |   2722 |    230 |    652 |   1492 |   2 | 1476.0 |
   Elven Halls |   8313 |   7996 |    317 |   3407 |   3300 |   3 | 2771.0 |
      Ice Cave |    767 |    767 |      0 |    225 |    196 |   1 |  767.0 |
               +--------+--------+--------+--------+--------+-----+--------+

Top non-repeatable levels by time:
   Elf:3: 3600 daAuts
Shoals:2: 3028 daAuts
Shoals:1: 2791 daAuts
   Elf:2: 2789 daAuts
  Lair:6: 2562 daAuts
    D:14: 2078 daAuts
   Elf:1: 1923 daAuts
  Lair:4: 1914 daAuts
     D:6: 1889 daAuts
  Lair:5: 1864 daAuts
   Orc:2: 1845 daAuts
    D:13: 1774 daAuts
     D:4: 1708 daAuts
Shoals:3: 1660 daAuts
     D:5: 1482 daAuts
